AoeStats
← TKBXPT2214

Nomad

508783940Analyzed
4v4 RM · 9d ago on Sep 24, 2026· 46m 2s· 8 players
Game mode
Random Map
Map size
231×231
Population
200
Speed
Normal
Resources
Standard
Victory
Conquest
Starting age
Dark Age
Ending age
Imperial Age
RankedLock teamsTeams togetherTeam positionsShared explorationLock speedFull tech treeHidden civsTurbo modeCheats
Victory
Defeat
🇨🇱 Dravidians · Chile
1228
+12
🇲🇽 Inca · Mexico
1221
+12
🇲🇽 Persians · Mexico
1112
+16
🇦🇷 Lithuanians · Argentina
1084
+17
🇺🇸 Portuguese · United States
1186
-17
🇨🇴 Tatars · Colombia
1118
-14
🇨🇦 Goths · Canada
1098
-13
🇺🇸 Britons · United States
1088
-13
JustOutOfRange
10:56 Loom
17:20 Feudal Age
18:58 Double-Bit Axe
29:41 Fletching
30:59 Padded Archer Armor
33:14 Wheelbarrow
FATBOY <OBAMA>
4:47 Loom
4:57 Loom
5:51 Loom
13:07 Feudal Age
17:43 Castle Age
16:48 Double-Bit Axe
18:21 Gold Mining
18:43 Bow Saw
29:33 Stone Mining
34:12 Imperial Age
34:12 Wheelbarrow
33:24 Town Watch
35:00 Stone Shaft Mining
35:35 Elite Organ Gun
39:28 Conscription
40:33 Town Watch
43:44 Chemistry
PattyBoi13
5:20 Loom
15:42 Feudal Age
16:58 Gold Mining
16:51 Horse Collar
17:52 Double-Bit Axe
22:43 Castle Age
21:37 Bloodlines
21:57 Scale Barding Armor
22:51 Forging
22:41 Stone Mining
23:34 Husbandry
26:57 Fletching
32:20 Squires
32:21 Scale Mail Armor
32:42 Pikeman
33:29 Town Watch
38:51 Wheelbarrow
38:17 Man-at-Arms
39:17 Long Swordsman
40:34 Iron Casting
40:15 Chain Mail Armor
40:28 Heavy Plow
45:48 Imperial Age
JeiDeSAI
11:03 Loom
17:59 Feudal Age
18:35 Double-Bit Axe
18:42 Gold Mining
19:30 Fishing Lines
26:09 Castle Age
40:10 Horse Collar
40:51 Heavy Plow
41:47 Bow Saw
De_Aztek
3:13 Loom
13:03 Feudal Age
18:52 Castle Age
17:19 Scale Barding Armor
18:02 Forging
18:50 Bloodlines
19:40 Husbandry
20:06 Gold Mining
24:43 Wheelbarrow
35:06 Horse Collar
36:37 Double-Bit Axe
37:48 Hand Cart
38:18 Stone Mining
41:28 Imperial Age
40:07 Gold Shaft Mining
39:48 Heavy Plow
40:22 Town Watch
41:07 Chain Barding Armor
41:24 Iron Casting
41:12 Bow Saw
43:25 Conscription
44:55 Crop Rotation
45:04 Stone Shaft Mining
45:17 Elite War Elephant
Dark Gundam
5:29 Loom
15:43 Feudal Age
15:57 Champi Runner
16:23 Arson
18:55 Town Watch
19:55 Double-Bit Axe
20:48 Wheelbarrow
20:15 Scale Mail Armor
21:44 Forging
23:23 Horse Collar
26:54 Castle Age
25:55 Fletching
26:59 Gold Mining
27:00 Stone Mining
28:02 Bow Saw
29:06 Heavy Plow
29:35 Fishing Lines
30:52 Gold Shaft Mining
32:03 Bodkin Arrow
32:30 Gillnets
33:41 Hand Cart
37:51 Imperial Age
37:56 Elite Kamayuk
38:55 Chain Mail Armor
39:15 Iron Casting
39:44 Fabric Shields
41:45 Plate Mail Armor
42:16 Blast Furnace
41:40 Conscription
42:29 Crop Rotation
43:19 Capped Ram
GunsNroses
5:04 Loom
16:41 Feudal Age
20:45 Castle Age
18:36 Double-Bit Axe
18:47 Fishing Lines
19:44 Gold Mining
19:46 Stone Mining
20:29 Horse Collar
21:40 Medium Warships
23:53 Forging
23:56 Bow Saw
27:09 Gillnets
33:12 Imperial Age
31:08 Man-at-Arms
31:33 Gambesons
31:42 Fletching
32:40 Wheelbarrow
32:22 Squires
32:08 Arson
34:00 Iron Casting
33:16 Long Swordsman
33:26 Light Cavalry
34:12 Town Watch
34:38 Two-Handed Swordsman
35:45 Husbandry
35:46 Champion
36:30 Bodkin Arrow
37:32 Conscription
37:55 Hand Cart
38:58 Blast Furnace
38:41 Onager
41:29 Two-Man Saw
42:39 Chemistry
42:41 Scale Mail Armor
43:06 Wootz Steel
45:24 Bracer
45:24 Padded Archer Armor
45:46 Ballistics
44:51 Pikeman
46:30 Thumb Ring
TKBXPT2214
6:48 Loom
15:23 Feudal Age
17:23 Wheelbarrow
21:42 Castle Age
22:23 Stone Mining
22:26 Gold Mining
23:06 Husbandry
26:40 Hand Cart
29:49 Bloodlines
29:56 Forging
29:46 Scale Mail Armor
34:11 Scale Barding Armor
41:43 Chain Barding Armor
46:30 Iron Casting
Connection lost

Rejoining the realm…

Still unreachable

The connection could not be restored.

Session expired

The server has moved on; the page needs a fresh start.